 Dungeon Crawl Stone Soup version 0.19.1-1-g22dce08 (webtiles) character file.

319 Letos the Covered (level 6, 0/48 HPs)
             Began as a Formicid Hunter on Jan 12, 2017.
             Killed from afar by an orc wizard (2 damage)
             ... with a magic dart
             ... on level 3 of the Dungeon.
             The game lasted 00:05:18 (2409 turns).

Letos the Covered (Formicid Hunter)                 Turns: 2409, Time: 00:05:18

Health: 0/48       AC:  8    Str: 16    XL:     6   Next: 75%
Magic:  6/6        EV: 10    Int: 11    God:
Gold:   111        SH:  0    Dex: 13    Spells: 0 memorised, 5 levels left

rFire  . . .     SeeInvis +     s - +0 lajatang
rCold  . . .     Gourm    .     j - +0 scale mail
rNeg   . . .     Faith    .     (no shield)
rPois  .         Spirit   .     (helmet unavailable)
rElec  .         Reflect  .     o - +0 cloak
rCorr  .         Harm     .     (no gloves)
MR     .....                    (no boots)
Stlth  ..........               (no amulet)
                                (no ring)
                                b - ring of wizardry

@: no status effects
A: permanent stasis, dig shafts and tunnels, four strong arms, antennae 3
a: Dig, Shaft Self


You were on level 3 of the Dungeon.
You were not hungry.

You visited 1 branch of the dungeon, and saw 3 of its levels.

You collected 111 gold pieces.

Inventory:

Hand Weapons
 s - a +0 lajatang (weapon)
Missiles
 c - 5 javelins (quivered)
 d - 2 throwing nets
 l - 7 tomahawks
 q - 6 javelins of penetration
Armour
 j - a +0 scale mail (worn)
 o - a +0 cloak (worn)
Jewellery
 b - a ring of wizardry (left hand)
Wands
 m - a wand of flame (16/48)
Scrolls
 a - a scroll of identify
 e - 2 scrolls of amnesia
 k - a scroll of remove curse
Potions
 g - a potion of berserk rage {unknown}
 i - a potion of heal wounds {unknown}
 n - 2 potions of flight {unknown}
 r - a potion of curing {unknown}
Comestibles
 f - 2 bread rations
 h - 2 slices of pizza
 p - 7 chunks of flesh


   Skills:
 - Level 4.1 Fighting
 + Level 2.4 Staves
 - Level 4.0 Throwing
 + Level 4.9 Armour
 - Level 1.7 Dodging
 - Level 1.2 Stealth


You had 5 spell levels left.
You didn't know any spells.

Dungeon Overview and Level Annotations

Branches:
Dungeon (3/15)

Altars:
Dithmenos
Kikubaaqudgha
Nemelex Xobeh


Innate Abilities, Weirdness & Mutations

You are under a permanent stasis effect.
You can dig through walls and to a lower floor.
Your four strong arms can wield two-handed weapons with a shield.
You have a pair of large antennae on your head. (SInv)


Message History

* * * LOW HITPOINT WARNING * * *
The orc wizard barely misses you. The orc wizard closely misses you.
Unknown command.
You closely miss the orc wizard.
The orc wizard is almost dead.
The orc wizard barely misses you. The orc wizard casts a spell at you.
The magic dart hits you!
* * * LOW HITPOINT WARNING * * *
The orc wizard closely misses you.
You barely miss the orc wizard.
The orc wizard is almost dead.
The orc wizard hits you with a dagger of flaming.
* * * LOW HITPOINT WARNING * * *
The orc wizard burns you.
* * * LOW HITPOINT WARNING * * *
The orc wizard misses you.
The orc wizard gestures at you while chanting.
The magic dart hits you!
You die...

#.# # #.# # #.######## #####
#.......## #.... #.......## #....
##### #...).....
#....###...######.........
+...)..'...'..............
########.@.####........... ... #.oo##
#.........#. ..... #....###....##...#.
.....##### #.###.###...##...#.
.........####.##.>.####..#...#+
..............##โ‰ˆโ‰ˆโ‰ˆ##......รท..>
#.............##...##.....#)...
#.............##...##.....#.(.)
#.............###+###.....#...)


You could see 2 orc wizards.

Vanquished Creatures
  The ghost of miniman03 the Bolt Thrower, an amateur KoHu (D:3)
  Crazy Yiuf (D:2)
  A worker ant (D:3)
  Robin (D:3)
  8 adders
  2 worms
  2 dart slugs (D:2)
  A leopard gecko (D:2)
  3 giant cockroaches
  11 goblins
  10 hobgoblins
  3 jackals (D:2)
  10 kobolds
  2 quokkas
  A ball python (D:2)
  2 bats
  2 frilled lizards
  7 rats
68 creatures vanquished.

Vanquished Creatures (others)
  An adder (D:3)
1 creature vanquished.

Grand Total: 69 creatures vanquished

Notes
Turn   | Place    | Note
-------+----------+-------------------------------------------
     0 | D:1      | Letos the Formicid Hunter began the quest for the Orb.
     0 | D:1      | Reached XP level 1. HP: 16/16 MP: 1/1
   369 | D:1      | Reached skill level 1 in Armour
   436 | D:1      | Reached XP level 2. HP: 23/23 MP: 2/2
   529 | D:2      | Reached XP level 3. HP: 28/28 MP: 3/3
   626 | D:2      | Found a runed door.
   668 | D:2      | Noticed Crazy Yiuf
   671 | D:2      | Killed Crazy Yiuf
   671 | D:2      | Reached XP level 4. HP: 20/35 MP: 4/4
  1129 | D:2      | Found a shadowy altar of Dithmenos.
  1388 | D:2      | Reached XP level 5. HP: 32/42 MP: 5/5
  1495 | D:2      | Found an ancient bone altar of Kikubaaqudgha.
  1913 | D:3      | Found a sparkling altar of Nemelex Xobeh.
  2151 | D:3      | Noticed miniman03's ghost (amateur KoHu)
  2157 | D:3      | Killed miniman03's ghost
  2157 | D:3      | Reached XP level 6. HP: 48/48 MP: 6/6
  2179 | D:3      | Noticed Robin
  2226 | D:3      | Killed Robin
  2409 | D:3      | HP: 2/48 [orc wizard/dagger of flaming (1)]
  2409 | D:3      | Killed from afar by an orc wizard

Skill      XL: |  1  2  3  4  5 |
---------------+----------------+-----
Armour         | 1 2 3 4 |  4.9
Fighting       | 3 4 |  4.1
Staves         | 2 |  2.4
Throwing       | |  4.0
Dodging        | |  1.7
Stealth        | |  1.2

Action                   |  1- 3 |  4- 6 || total
-------------------------+-------+-------++-------
Melee: Short sword       |    11 |       ||    11
       Dagger            |    37 |    94 ||   131
       Lajatang          |       |   104 ||   104
Throw: Javelin           |     6 |     8 ||    14
 Abil: Dig               |       |     4 ||     4
  Use: Scroll            |       |     7 ||     7
  Eat: Chunk             |       |     2 ||     2
       Bread ration      |       |     1 ||     1
Armor: Scale mail        |    17 |    81 ||    98
       Leather armour    |     2 |       ||     2
       Ring mail         |       |    16 ||    16
Dodge: Dodged            |    22 |   130 ||   152
